 Seeded DCSS version 0.29-a0-369-gd956c00756 (webtiles) character file.

Game seed: 20220501 (custom seed)

2146 happo123 the Geomancer (level 9, -2/48 HPs)
             Began as a Gargoyle Earth Elementalist on May 2, 2022.
             Was a Believer of Vehumet.
             Killed from afar by an efreet (17 damage)
             ... with a bolt of fire
             ... on level 7 of the Dungeon.
             The game lasted 01:36:01 (9918 turns).

happo123 the Geomancer (GrEE)                       Turns: 9918, Time: 01:36:07

Health: -2/48      AC: 16    Str: -5 (11) XL:     9   Next: 31%
Magic:  0/17       EV:  9    Int: 12 (21) God:    Vehumet [**....]
Gold:   247        SH:  0    Dex:  6 (12) Spells: 5/18 levels left

rFire   . . .      SeeInvis +   y - staff of earth
rCold   . . .      Faith    .   (no shield)
rNeg    + . .      Spirit   +   J - +3 leather armour
rPois   ∞          Reflect  .   (no helmet)
rElec   +          Harm     .   Q - +2 cloak
rCorr   .          Rampage  .   (no gloves)
Will    .....                   (no boots)
Stlth   ++........              G - amulet of guardian spirit
HPRegen 0.00/turn               w - ring of wizardry
MPRegen 0.15/turn               m - ring of see invisible

@: inhibited regen, slowed, lost strength, very slow
A: sickness immunity, AC +6, negative energy resistance 1, electricity
resistance, torment resistance 1, petrification resistance, talons 1, agile 1
a: Renounce Religion


You were on level 7 of the Dungeon.
You worshipped Vehumet.
Vehumet was pleased with you.
You visited 2 branches of the dungeon, and saw 8 of its levels.
You also visited: Sewer and Ossuary.

You collected 273 gold pieces.
You spent 26 gold pieces at shops.

Inventory:

Hand Weapons
 f - a +0 hand axe
 i - a +0 falchion
 o - a +0 club
 E - a +1 dagger of flaming
 O - a +0 flail of protection
 T - a +3 scythe
Missiles
 a - 109 stones
 A - a throwing net
Armour
 b - a +0 robe
 s - a +0 pair of boots
 v - a +0 leather armour
 B - a +1 leather armour of poison resistance
 J - a +3 leather armour (worn)
 Q - a +2 cloak (worn)
Magical Staves
 y - a staff of earth (weapon)
Jewellery
 m - a ring of see invisible (right hand)
 w - a ring of wizardry (left hand)
 G - an amulet of guardian spirit (around neck)
 M - a ring of magical power
 R - a ring of protection from fire
Wands
 p - a wand of polymorph (17)
 z - a wand of flame (27)
Scrolls
 h - 6 scrolls of identify
 j - 4 scrolls of fear
 l - 2 scrolls of noise {unknown}
 r - a scroll of torment {unknown}
 t - a scroll of brand weapon {unknown}
 u - a scroll of amnesia {unknown}
 C - a scroll of blinking
 D - a scroll of holy word {unknown}
 F - 3 scrolls of enchant weapon
 L - 2 scrolls of immolation {unknown}
 N - 2 scrolls of enchant armour
 P - 2 scrolls of silence
 S - 2 scrolls of teleportation
 U - a scroll of acquirement {unknown}
Potions
 c - a potion of magic
 d - 4 potions of curing {unknown}
 e - a potion of cancellation {unknown}
 g - 5 potions of heal wounds
 n - 4 potions of degeneration {unknown}
 q - a potion of resistance {unknown}
 x - a potion of might {unknown}
 H - 4 potions of flight {unknown}
 I - a potion of lignification {unknown}
 K - a potion of brilliance {unknown}
 V - a potion of haste {unknown}


   Skills:
 + Level 1.8 Fighting
 + Level 1.2 Axes
 + Level 0.2(2.1) Maces & Flails
 + Level 2.9 Staves
 + Level 4.2 Armour
 + Level 3.3 Dodging
 + Level 4.3 Stealth
 + Level 5.4 Spellcasting
 + Level 3.4 Conjurations
 + Level 1.0 Transmutations
 + Level 8.5 Earth Magic


You had 5 spell levels left.
You knew the following spells:

 Your Spells              Type           Power      Damage    Failure   Level
a - Sandblast             Erth           70%        2d15      1%          1
b - Stone Arrow           Conj/Erth      52%        3d10      7%          3
c - Passwall              Tmut/Erth      18%        N/A       6%          2
d - Searing Ray           Conj           22%        2d5       10%         2
e - Portal Projectile     Hex/Tloc       6%         N/A       58%         3
f - Static Discharge      Conj/Air       7%         N/A       19%         2

Your spell library contained the following spells:

 Spells                   Type           Power      Damage    Failure   Level
 Petrify                  Tmut/Erth      22%        N/A       32%         4
 Blink                    Tloc           6%         N/A       36%         2
 Corpse Rot               Necr/Air       6%         N/A       36%         2
 Ensorcelled Hibernation  Hex/Ice        6%         N/A       36%         2
 Poisonous Vapours        Pois/Air       6%         N/A       36%         2
 Leda's Liquefaction      Hex/Erth       10%        N/A       41%         4
 Call Canine Familiar     Summ           3%         N/A       58%         3
 Lesser Beckoning         Tloc           3%         N/A       58%         3
 Swiftness                Air            3%         N/A       58%         3
 Manifold Assault         Tloc           3%         N/A       99%         5


Dungeon Overview and Level Annotations

Branches:
Dungeon (7/15)             Temple (1/1) D:4           Sewer (visited)
Ossuary (visited)

Altars:
Ashenzari
Cheibriados
Dithmenos
Elyvilon
Fedhas
Gozag
Hepliaklqana
Kikubaaqudgha
Makhleb
Nemelex Xobeh
Okawaru
Qazlal
Ru
Sif Muna
Trog
Uskayaw
Vehumet
Wu Jian
Xom
Yredelemnul
Zin
The Shining One

Shops:
D:2 ?   D:4 (


Innate Abilities, Weirdness & Mutations

You are immune to sickness and miasma.
Your stone body is resilient. (AC +6)
You are immune to poison.
You resist negative energy. (rN+)
You are resistant to electric shocks. (rElec)
You are resistant to unholy torment.
You are immune to petrification.
You have sharp toenails.
You are agile. (Dex +2)


Message History

You see here a +0 robe.
You remove your ring of magical power.
You feel your magic capacity decrease.
m - a ring of see invisible (right hand)
Things that are here:
a +0 flail; a +0 short sword
Things that are here:
a +0 flail; a +0 scale mail
Things that are here:
a +0 falchion; a +0 scale mail
Things that are here:
a +0 flail; a +0 scale mail You see here a +0 dagger.
Time shudders.
You feel dopey.
Things that are here:
a +0 flail; a +0 short sword
Things that are here:
a +0 flail; a +0 short sword
Things that are here:
a +0 flail; a +0 scale mail
Things that are here:
a +0 falchion; a +0 scale mail You open the door.
An efreet comes into view.
It is wielding a +0 scimitar of flaming.
As you read the scroll of summoning, it crumbles to dust.
Wisps of shadow whirl around you... The efreet gestures at you.
The fireball explodes!
The fireball engulfs you!! The fireball engulfs your gnoll!!
Your gnoll dies!
Your gnoll's corpse dissolves into shadows!
You hear a shout! x2
The efreet gestures at you. The bolt of fire hits you!!
The efreet barely misses your gnoll sergeant.
Your gnoll hits the efreet from afar with a +0 halberd.
Something unseen opens the door.
The efreet gestures at you. The bolt of fire hits you!!
You die...

#..##..# #.# #.....#
## #..##..# #.#...
#.....# #. #..##..#
#.# .. ##....# #.
#..##..# #.# ..
##.#)##### #.
......## #####'###
#####...###. ......#
#.....# ...###.......
...##.#
#....g#.....##...####
...##.#
+..8.o'R°°..###.##
......# #...@.#...g.#
#.##### #..##.#
#...oo# ...## #.##...
#..##.##### #....o#
######.##...
#..##.....# #.....##
#.#.##.##.##
..........#
###.##.###.#.##.##.#
#.#####...#
#.###....#.##....#
#.#######.#
#.##.#####.......#
#.........#####.#..#
#######.##
#.#######..........#
#...


You could see an efreet (ally target), a friendly orc priest (summoned), a
friendly gnoll (summoned) and 3 friendly orcs.

Vanquished Creatures
  Sigmund (D:6)
  An orc warrior (D:6)
  An ice beast (D:4)
  A sky beast (D:6)
  3 ogres
  A gnoll sergeant (D:7)
  A bullfrog (Sewer)
  3 elf zombies (Ossuary)
  2 scorpions
  A necrophage (D:4)
  A howler monkey (D:7)
  5 hounds
  A centaur zombie (Ossuary)
  A human zombie (Ossuary)
  5 orc priests
  An iguana (D:6)
  3 orc wizards (D:4)
  2 mummies (Ossuary)
  11 gnolls
  18 adders
  A shadow imp (D:7)
  3 white imps (D:5)
  An ufetubus (D:6)
  An adder zombie (Ossuary)
  2 worms
  A dart slug (D:1)
  17 orcs
  4 bats
  12 endoplasms
  12 giant cockroaches
  3 goblins
  3 hobgoblins
  10 quokkas
  8 ball pythons
  6 frilled lizards
  3 goblin zombies (Ossuary)
  12 hobgoblin zombies (Ossuary)
  A jackal zombie (Ossuary)
  6 kobolds
  5 kobold zombies (Ossuary)
  8 orc zombies (Ossuary)
  5 rats
  2 rat zombies (Ossuary)
189 creatures vanquished.

Vanquished Creatures (others)
  5 fungi (D:6)
5 creatures vanquished.

Grand Total: 194 creatures vanquished

Notes
Turn   | Place    | Note
-------+----------+-------------------------------------------
     0 | D:1      | happo123 the Gargoyle Earth Elementalist began the quest
                  | for the Orb.
     0 | D:1      | Reached XP level 1. HP: 10/10 MP: 3/3
   272 | D:1      | Reached skill level 4 in Earth Magic
   352 | D:1      | Reached XP level 2. HP: 15/15 MP: 3/5
   406 | D:1      | Found a faded altar of an unknown god.
   412 | D:1      | Prayed at the altar of an unknown god.
   412 | D:1      | Became a worshipper of Cheibriados the Contemplative
   412 | D:1      | Reached * piety under Cheibriados
  1266 | D:2      | Reached XP level 3. HP: 3/19 MP: 6/6
  1486 | D:2      | Reached ** piety under Cheibriados
  1633 | D:2      | Learned a level 3 spell: Stone Arrow
  1636 | D:2      | Learned a level 2 spell: Passwall
  1647 | D:2      | Reached skill level 1 in Axes
  1780 | D:2      | Found Moqerghio's Magic Scroll Shoppe.
  1787 | D:2      | Bought a scroll of identify for 26 gold pieces
  1897 | D:2      | Reached XP level 4. HP: 22/24 MP: 7/7
  2701 | D:3      | Reached skill level 1 in Transmutations
  2850 | D:3      | Reached XP level 5. HP: 28/28 MP: 8/8
  3425 | D:4      | Reached *** piety under Cheibriados
  3475 | D:4      | Found a glowing drain.
  3497 | Sewer    | Entered a sewer
  3760 | Sewer    | Reached **** piety under Cheibriados
  3761 | Sewer    | Reached XP level 6. HP: 26/33 MP: 8/10
  3884 | Sewer    | Reached skill level 1 in Staves
  3908 | Sewer    | Reached skill level 1 in Armour
  3922 | Sewer    | Reached skill level 5 in Earth Magic
  3996 | D:4      | Found Nolar's Weapon Shoppe.
  4028 | D:4      | Reached skill level 1 in Fighting
  4210 | D:4      | Noticed an ice beast
  4213 | D:4      | Killed an ice beast
  4214 | D:4      | Reached XP level 7. HP: 38/38 MP: 1/12
  5399 | D:4      | Found a staircase to the Ecumenical Temple.
  5425 | Temple   | Entered the Ecumenical Temple
  5931 | Temple   | Fell from the grace of Cheibriados
  5931 | Temple   | Became a worshipper of Vehumet
  6049 | D:5      | Entered Level 5 of the Dungeon
  6497 | D:5      | Found a hide-covered altar of Uskayaw.
  6500 | D:5      | Noticed a +0 dagger
  6500 | D:5      | Noticed a +0 dagger
  7207 | D:5      | Gained mutation: Your body sometimes deteriorates upon
                  | taking damage. [potion of mutation]
  7207 | D:5      | Gained mutation: You are strong-willed. (Will+) [potion of
                  | mutation]
  7208 | D:5      | Lost mutation: You are strong-willed. (Will+) [potion of
                  | mutation]
  7208 | D:5      | Lost mutation: Your body sometimes deteriorates upon taking
                  | damage. [potion of mutation]
  7208 | D:5      | Gained mutation: You are agile. (Dex +2) [potion of
                  | mutation]
  7208 | D:5      | Gained mutation: You have sharp toenails. [potion of
                  | mutation]
  7224 | D:6      | Reached skill level 1 in Conjurations
  7224 | D:6      | Reached skill level 6 in Earth Magic
  7224 | D:6      | Reached XP level 8. HP: 43/43 MP: 14/14
  7700 | D:6      | Reached * piety under Vehumet
  7700 | D:6      | Offered knowledge of Shock by Vehumet.
  7971 | D:6      | Reached skill level 7 in Earth Magic
  7992 | D:6      | Lost strength.
  8338 | D:6      | Noticed Sigmund
  8348 | D:6      | Killed Sigmund
  8349 | D:6      | Reached skill level 5 in Spellcasting
  8587 | D:7      | Reached XP level 9. HP: 48/48 MP: 16/16
  8631 | D:7      | Found a sand-covered staircase.
  8642 | Ossuary  | Entered an ossuary
  8809 | Ossuary  | Offered knowledge of Searing Ray by Vehumet.
  8813 | Ossuary  | Learned a level 2 spell: Searing Ray
  8817 | Ossuary  | Learned a level 3 spell: Portal Projectile
  8829 | Ossuary  | Reached ** piety under Vehumet
  8926 | Ossuary  | Reached skill level 8 in Earth Magic
  9393 | D:7      | Offered knowledge of Static Discharge by Vehumet.
  9401 | D:7      | Learned a level 2 spell: Static Discharge
  9407 | D:7      | Lost strength.
  9916 | D:7      | Noticed an efreet
  9918 | D:7      | Killed from afar by an efreet

Illustrated notes

Levels and vault maps discovered:
D:1:      tarquinn_simple_flora_water_b, layout_loops_ring,
          dreamdust_ecumenical_altar_statues, serial_forest,
          infiniplex_forest_straight_3, infiniplex_forest_corner_1,
          infiniplex_forest_lined_4_way, infiniplex_forest_clump_small,
          infiniplex_forest_straight_2, infiniplex_forest_clump_small,
          infiniplex_forest_clump_tiny
D:2:      layout_rooms, serial_shops, nicolae_shop_advertising_works
          [nicolae_subvault_shop_adworks]
D:3:      layout_loops_ring, minmay_fractal_squares_gapless_5
D:4:      layout_loops_cross, minmay_temple_entry_nine_rooms, serial_shops,
          shop, gup_sewer_entry_bubbles, serial_co_window_serial,
          co_window_corner_a, co_window_paths_b, co_window_paths_a,
          co_window_paths_b, co_window_paths_a, co_window_2corner,
          co_window_corner_b, co_window_corner_b, co_window_paths_c,
          co_window_cross_2, co_window_corner_b, co_window_corner_b,
          co_window_paths_d, glass_columns_b, glass_columns_c, glass_columns_a,
          glass_columns_a
D:5:      cheibrodos_helix_gallery, layout_basic, dancing_weapons_uskayaw,
          minmay_misc_feat_nine_boxes
D:6:      nicolae_cairo_tiling, layout_gridville, dreamdust_gnoll_farm,
          uniq_sigmund
D:7:      layout_loops_ring, enter_ossuary_1, minmay_hedge_maze, st_stairs_14,
          minmay_three_doors
Temple:   compressed_dpeg_triangle_lava_temple

Skill      XL: |  1  2  3  4  5  6  7  8  9 |
---------------+----------------------------+-----
Earth Magic    | 4 5 6 7 8 |  8.5
Axes           | 1 |  1.2
Dodging        | 2 3 |  3.3
Transmutations | 1 |  1.0
Stealth        | 3 4 |  4.3
Staves         | 2 |  2.9
Armour         | 2 3 4 |  4.2
Spellcasting   | 3 4 5 |  5.4
Fighting       | 1 |  1.8
Conjurations   | 1 3 |  3.4
Maces & Flails | |  0.2

Action                   |  1- 3 |  4- 6 |  7- 9 || total
-------------------------+-------+-------+-------++-------
Melee: Hand axe          |    60 |       |       ||    60
       Club              |    19 |    69 |       ||    88
       Staff             |       |   172 |   109 ||   281
       Punch             |       |     1 |     3 ||     4
       Kick              |       |       |    10 ||    10
 Cast: Sandblast         |    11 |    34 |    39 ||    84
       Stone Arrow       |       |     8 |    82 ||    90
       Passwall          |       |     1 |       ||     1
       Searing Ray       |       |       |     5 ||     5
  Use: Potion            |       |       |     3 ||     3
       Scroll            |       |       |    10 ||    10
 Stab: Sleeping          |     2 |     7 |       ||     9
Armor: Robe              |    31 |    28 |       ||    59
       Leather armour    |       |    72 |    74 ||   146
Dodge: Dodged            |    62 |   203 |    80 ||   345

Table legend: (Time is in decaauts)
 A = Elapsed time spent in this place.
 B = Non-inter-level travel time spent in this place.
 C = Inter-level travel time spent in this place.
 D = Time resting spent in this place.
 E = Time spent auto-exploring this place.
 F = Levels seen in this place.
 G = Mean time per level.
                   A        B        C        D        E       F      G
               +--------+--------+--------+--------+--------+-----+--------+
         Total |  14558 |  12485 |   2073 |   2383 |   7816 |  10 | 1455.8 |
       Dungeon |  12194 |  10415 |   1779 |   1963 |   7070 |   7 | 1742.0 |
        Temple |    943 |    650 |    293 |      0 |    619 |   1 |  943.0 |
         Sewer |    681 |    681 |      0 |    141 |     34 |   1 |  681.0 |
       Ossuary |    739 |    739 |      0 |    279 |     92 |   1 |  739.0 |
               +--------+--------+--------+--------+--------+-----+--------+

Top non-repeatable levels by time:
     D:4: 2665 daAuts
     D:6: 2167 daAuts
     D:7: 1736 daAuts
     D:5: 1583 daAuts
     D:3: 1390 daAuts
     D:2: 1325 daAuts
     D:1: 1324 daAuts
  Temple: 943 daAuts
 Ossuary: 739 daAuts
   Sewer: 681 daAuts
